 Dungeon Crawl Stone Soup version 0.26-a0-259-g1effd001a9 (webtiles) character file.

Game seed: 6292428391317081699

2 drasked the Chopper (level 1, -3/20 HPs)
             Began as a Hill Orc Monk on July 26, 2020.
             Slain by a leopard gecko (5 damage)
             ... on level 1 of the Dungeon.
             The game lasted 00:00:14 (49 turns).

drasked the Chopper (Hill Orc Monk)                   Turns: 49, Time: 00:00:15

Health: -3/20      AC:  2    Str: 13    XL:     1   Next: 40%
Magic:  1/1        EV: 13    Int: 10    God:
Gold:   0          SH:  0    Dex: 13    Spells: 0/0 levels left

rFire    . . .     SeeInvis .   a - +0 hand axe
rCold    . . .     Faith    .   (no shield)
rNeg     . . .     Spirit   .   b - +0 robe
rPois    .         Reflect  .   (no helmet)
rElec    .         Harm     .   (no cloak)
rCorr    .                      (no gloves)
MR       .....                  (no boots)
Stlth    ++........             (no amulet)
HPRegen  0.06/turn              (no ring)
MPRegen  0.07/turn              (no ring)

@: no status effects
A: no striking features
a: no special abilities


You were on level 1 of the Dungeon.
You were not hungry.

You visited 1 branch of the dungeon, and saw 1 of its levels.

Inventory:

Hand Weapons
 a - a +0 hand axe (weapon)
Armour
 b - a +0 robe (worn)
Comestibles
 e - 2 rations


   Skills:
 + Level 3.6 Fighting
 * Level 4.1 Axes
 + Level 0.2 Armour
 - Level 2.4 Dodging
 - Level 1.5 Stealth


You couldn't memorise any spells.
You didn't know any spells.
Your spell library was empty.

Dungeon Overview and Level Annotations

Branches:
Dungeon (1/15)

Altars:


Message History

Welcome, drasked the Hill Orc Monk.
It is said that the Orb of Zot exists deep within this dungeon.
Found a staircase leading out of the dungeon.
A kobold comes into view. It is wielding a +0 dagger.
Found a stone staircase leading down.
A kobold is nearby!
A rat comes into view.
A leopard gecko comes into view.
The kobold shouts!
You hear an angry hiss.
The leopard gecko hisses angrily.
You hit the kobold. You hit the rat.
You kill the rat!
The kobold hits you but does no damage.
A dart slug comes into view.
You barely miss the kobold. The kobold hits you but does no damage.
You closely miss the kobold. The kobold closely misses you.
You barely miss the kobold. You hit the leopard gecko.
The leopard gecko closely misses you.
A frilled lizard comes into view.
The kobold barely misses you. The leopard gecko bites you.
You slash the kobold!
You kill the kobold!
You hit the leopard gecko. You closely miss the frilled lizard.
The frilled lizard bites you but does no damage.
The leopard gecko barely misses you.
You barely miss the leopard gecko. You closely miss the frilled lizard.
The frilled lizard barely misses you. The leopard gecko closely misses you.
You closely miss the leopard gecko. You barely miss the frilled lizard.
The leopard gecko closely misses you. The frilled lizard bites you.
The leopard gecko bites you.
* * * LOW HITPOINT WARNING * * *
The frilled lizard barely misses you. The frilled lizard closely misses you.
The leopard gecko closely misses you. The frilled lizard barely misses you.
The frilled lizard bites you.
* * * LOW HITPOINT WARNING * * *
The leopard gecko hisses menacingly.
You closely miss the frilled lizard. The frilled lizard bites you.
* * * LOW HITPOINT WARNING * * *
You barely miss the frilled lizard. The frilled lizard bites you.
* * * LOW HITPOINT WARNING * * *
The frilled lizard bites you.
* * * LOW HITPOINT WARNING * * *
You hit the frilled lizard.
You kill the frilled lizard!
You hit the leopard gecko. The leopard gecko bites you.
You die...

#.#.# #... ...# #...# ....
...# #...# ... ..# #...#
!. ..# #.#.# #####.###.#
#.#.# #......##.# #...#
#......##.############...#
#..........wl@.......#...#
#......##.##########.#...#
.......!...# #.....#
########)........ #.#####
>.....$.... #.#
#..........%. #.#
#......$..#.# #.#
#....###.## # #.# ......
.. #.#


You could see a dart slug and a leopard gecko.

Levels and vault maps discovered:
D:1:      wheals_arrival_shading, layout_basic, xom_teletrap_fun

Notes
Turn   | Place    | Note
-------+----------+-------------------------------------------
     0 | D:1      | drasked the Hill Orc Monk began the quest for the Orb.
     0 | D:1      | Reached XP level 1. HP: 19/19 MP: 1/1
    26 | D:1      | Identified a +0 dagger
    47 | D:1      | HP: 4/20 [frilled lizard (2)]
    49 | D:1      | Slain by a leopard gecko

Table legend:
 A = Turns spent in this place as a percentage of turns spent in the entire game.
 B = Non-inter-level travel turns spent in this place as a percentage of non-inter-level travel turns spent in the entire game.
 C = Inter-level travel turns spent in this place as a percentage of turns spent in this place.
 D = Turns resting spent in this place as a percentage of non-inter-level travel turns spent in this place.
 E = Turns spent auto-exploring this place as a percentage of non-inter-level travel turns spent in this place.
 F = Non-inter-level travel turns spent in this place divided by the number of levels of this place that you've seen.
                   A       B       C       D       E      F
               +-------+-------+-------+-------+-------+----------------------
         Total | 100.0 | 100.0 |   0.0 |   0.0 |  53.1 |  49.0
       Dungeon | 100.0 | 100.0 |   0.0 |   0.0 |  53.1 |  49.0
               +-------+-------+-------+-------+-------+----------------------

Table legend:
 A = Kills in this place as a percentage of kills in entire the game.
 B = Kills by you in this place as a percentage of kills by you in the entire game.
 C = Kills by friends in this place as a percentage of kills by friends in the entire game.
 D = Other kills in this place as a percentage of other kills in the entire game.
 E = Experience gained in this place as a percentage of experience gained in the entire game.
 F = Experience gained in this place divided by the number of levels of this place that you have seen.
                   A       B       C       D       E      F
               +-------+-------+-------+-------+-------+----------------------
         Total | 100.0 | 100.0 |   N/A |   N/A | 100.0 |   4.0
       Dungeon | 100.0 | 100.0 |   N/A |   N/A | 100.0 |   4.0
               +-------+-------+-------+-------+-------+----------------------

Action                   || total
-------------------------++-------
Melee: Hand axe          ||    11
Armor: Robe              ||     1
Dodge: Dodged            ||    11

Vanquished Creatures
  A kobold (D:1)
  A frilled lizard (D:1)
  A rat (D:1)
3 creatures vanquished.
